 Dungeon Crawl Stone Soup version 0.21-a0-404-g291f19a (webtiles) character file.

76 tof the Twirler (level 4, -2/38 HPs)
             Began as a Minotaur Gladiator on Oct 28, 2017.
             Slain by a gnoll
             ... wielding a +0 club
              (5 damage)
             ... on level 2 of the Dungeon.
             The game lasted 00:00:48 (1017 turns).

tof the Twirler (Minotaur Gladiator)                Turns: 1017, Time: 00:00:48

Health: -2/38      AC:  3    Str: 18    XL:     4   Next: 12%
Magic:  3/3        EV: 13    Int:  5    God:
Gold:   90         SH:  0    Dex: 13    Spells: 3/3 levels left

rFire    . . .     SeeInvis .   a - +0 quarterstaff
rCold    . . .     Gourm    .   (shield currently unavailable)
rNeg     . . .     Faith    .   b - +0 leather armour
rPois    .         Spirit   .   c - +0 hat
rElec    .         Reflect  .   (no cloak)
rCorr    .         Harm     .   (no gloves)
MR       .....                  (no boots)
Stlth    +.........             (no amulet)
HPRegen  0.12/turn              (no ring)
MPRegen  0.08/turn              (no ring)

@: lethally poisoned (-2 -> -6)
A: retaliatory headbutt, horns 2
a: no special abilities


You were on level 2 of the Dungeon.
You were not hungry.

You visited 1 branch of the dungeon, and saw 2 of its levels.

You collected 90 gold pieces.

Inventory:

Hand Weapons
 a - a +0 quarterstaff (weapon)
Missiles
 d - 3 throwing nets (quivered)
Armour
 b - a +0 leather armour (worn)
 c - a +0 hat (worn)
Jewellery
 k - a cursed +3 ring of dexterity {unknown}
Scrolls
 e - 2 scrolls of identify {unknown}
 i - a scroll of random uselessness {unknown}
 l - 2 scrolls of remove curse {unknown}
Potions
 h - a potion of degeneration {unknown}
 m - a potion of brilliance {unknown}
 n - a potion of heal wounds {unknown}
Comestibles
 f - a bread ration
 g - 2 royal jellies
 j - 2 meat rations


   Skills:
 + Level 3.0 Fighting
 * Level 4.4 Staves
 + Level 2.4 Throwing
 * Level 2.3 Armour
 + Level 3.6 Dodging


You had 3 spell levels left.
You didn't know any spells.

Dungeon Overview and Level Annotations

Branches:
Dungeon (2/15)

Altars:
Gozag


Innate Abilities, Weirdness & Mutations

You reflexively headbutt those who attack you in melee.
You have a pair of horns on your head.


Message History

You feel sick.
You miss the leopard gecko.
You feel sick. The leopard gecko misses you.
You hit the leopard gecko.
You kill the leopard gecko!
The gnoll barely misses you. The gnoll hits you with a club.
You hit the gnoll. Your headbutt misses the gnoll.
The gnoll is moderately wounded.
You feel sick. The gnoll barely misses you. The gnoll closely misses you.
You hit the gnoll but do no damage.
The gnoll is moderately wounded.
The gnoll closely misses you. The gnoll completely misses you.
You hit the gnoll.
The gnoll is heavily wounded.
You feel sick. The gnoll hits you with a spear. The gnoll hits you with a club.
You hit the gnoll. Your headbutt misses the gnoll.
The gnoll is severely wounded.
The gnoll hits you with a spear!
* * * LOW HITPOINT WARNING * * *
The gnoll hits you with a club.
You die...

## ... . ..)..
#>#g# #.#.#.# #
#g#.#.# #.. #
#g#.#.# #.# ###
#g#.#.# #.#
#.#.. #.##@#.#.#
#.# #.#.#
#....g...# #.#
#.#.# ####.#...#
#.# #.#.# .
...#...###.#
#.#.#
....##.......#
#.#.#
#.........####.#
#.#.#
#.###.##### #.#
#.... # #. #.#
#.... #.# ##...


You could see 4 gnolls.

Vanquished Creatures
  A gnoll (D:1)
  2 adders (D:2)
  2 oozes (D:1)
  A worm (D:2)
  A dart slug (D:2)
  A leopard gecko (D:2)
  A bat (D:1)
  2 giant cockroaches (D:1)
  4 goblins
  6 hobgoblins (D:1)
  3 frilled lizards
  5 kobolds
  6 rats
35 creatures vanquished.

Notes
Turn   | Place    | Note
-------+----------+-------------------------------------------
     0 | D:1      | tof the Minotaur Gladiator began the quest for the Orb.
     0 | D:1      | Reached XP level 1. HP: 18/18 MP: 0/0
    12 | D:1      | Reached skill level 1 in Armour
    12 | D:1      | Reached XP level 2. HP: 17/25 MP: 1/1
   126 | D:1      | Reached skill level 4 in Staves
   336 | D:1      | Reached XP level 3. HP: 26/30 MP: 2/2
   897 | D:2      | Found an opulent altar of Gozag.
  1011 | D:2      | Reached XP level 4. HP: 27/38 MP: 3/3
  1017 | D:2      | Slain by a gnoll

Vault maps used:
D:1:      dpeg_arrival_simpleton_c, minmay_misc_feat_encased
D:2:      chequers_ecumenical_altar_simple_redux,
          nicolae_gozag_cash_rules_everything_around_me

Skill      XL: |  1  2  3 |
---------------+----------+-----
Armour         | 1 2 |  2.3
Staves         | 4 |  4.4
Fighting       | 3 |  3.0
Throwing       | |  2.4
Dodging        | |  3.6

Action                   |  1- 3 |  4- 6 || total
-------------------------+-------+-------++-------
Melee: Quarterstaff      |    58 |     6 ||    64
       Headbutt          |    11 |       ||    11
Armor: Leather armour    |     8 |       ||     8
Dodge: Dodged            |    26 |     6 ||    32

Table legend:
 A = Spawn XP
 B = Non-spawn XP
 C = Spawn XP percentage of total XP
 D = Spawn monster count
 E = Non-spawn monster count
 F = Spawn count percentage of total count
 G = Total turns spent on level
                    A         B        C        D         E        F      G
               +---------+---------+-------+---------+---------+-------+---------
         Total |       0 |     109 |   0.0 |       0 |      35 |   0.0 |  1017
               +---------+---------+-------+---------+---------+-------+---------
           D:1 |       0 |      62 |   0.0 |       0 |      23 |   0.0 |   725
           D:2 |       0 |      47 |   0.0 |       0 |      12 |   0.0 |   292
               +---------+---------+-------+---------+---------+-------+---------
